Sharks vs Wild
Created - 30 décembre 2014 at 19:35
Goals
|
| Sharks |
2 |
1 |
1 |
0 |
1 |
4 |
| Wild |
0 |
2 |
2 |
0 |
2 |
5 |
|
Shots
|
| Sharks |
8 |
17 |
5 |
1 |
3 |
31 |
| Wild |
10 |
7 |
11 |
2 |
3 |
30 |
|
1st period
1. Sharks , Kyle Wellwood 10 (Markus Naslund, Johnny Boychuk) at 9:15
2. Sharks , Brandon Yip 7 (Kyle Wellwood, David Hale) at 16:54 (PP)
Penalties :
Matt Moulson (Min) for Roughing (Minor) at 11:23, Rich Peverley (Min) for Holding (Minor) at 14:57
2nd period
3. Sharks , Alex Pietrangelo 10 (Dany Heatley, David Legwand) at 9:12 (PP)
4. Wild , Cody McLeod 4 (Alexander Perezhogin, Rich Peverley) at 11:40
5. Wild , Mike Green 7 (Rich Peverley) at 18:18
Penalties :
Markus Naslund (SJS) for Holding Stick (Minor) at 0:41, Chris Drury (Min) for Hooking (Minor) at 8:44, Fedor Tyutin (Min) for Holding (Minor) at 15:28
3rd period
6. Sharks , David Legwand 23 (Dany Heatley, Alex Pietrangelo) at 10:45 (PP)
7. Wild , Fredrik Modin 9 (Mike Green, Glen Metropolit) at 17:21
8. Wild , Alexei Kovalev 18 (Mike Green) at 19:05 (PP)
Penalties :
Glen Metropolit (Min) for Hooking (Minor) at 1:06, R.J. Umberger (Min) for Hooking (Minor) at 6:18, R.J. Umberger (Min) for Cross-checking (Minor) at 9:55, Martin Samuelsson (SJS) for Roughing (Minor) at 13:42, Troy Brouwer (SJS) for Goalie Interference (Minor) at 18:05
Overtime #1
No Goal
Penalties :
No Penalty
Shootout
Penalty Shot by Dany Heatley for Sharks - Shot Misses the Net
Penalty Shot by Daniel Briere for Wild - Stopped by Mike Brodeur
Penalty Shot by Ted Purcell for Sharks - Goal!
Penalty Shot by Chris Drury for Wild - Goal!
Penalty Shot by Daniel Alfredsson for Sharks - Stopped by Martin Brodeur
Penalty Shot by R.J. Umberger for Wild - Goal!
Penalties :
No Penalty
Goalie Stats
Mike Brodeur (SJS), 26 saves from 30 shots - (0,867), OTL, 8-3-1, 65:00 minutes
Martin Brodeur (Min), 27 saves from 31 shots - (0,871), W, 20-13-1, 65:00 minutes
Players Stats for Sharks
Player Name G A P +/- PIM S H SB GA TA FO MP PP MP PK MP
------------------------------------------------------------------------------------
Adam Mair 0 0 0 0 0 0 2 0 0 1 6/10 12:32 0:00 0:59
Adam Pardy 0 0 0 0 0 0 0 0 0 0 0/0 2:59 0:00 0:00
Alex Pietrangelo 1 1 2 0 0 4 0 1 1 0 0/0 29:04 7:11 0:00
Alexander Radulov 0 0 0 -2 0 0 0 0 0 0 0/0 6:21 0:03 0:00
Brandon Yip 1 0 1 0 0 4 2 0 0 0 0/0 16:39 4:23 0:00
Daniel Alfredsson 0 0 0 -1 0 1 2 0 0 0 1/1 23:42 6:45 1:03
Dany Heatley 0 2 2 -1 0 2 3 0 1 1 4/11 26:47 6:48 3:01
David Hale 0 1 1 0 0 1 0 1 0 2 0/0 22:14 4:00 1:58
David Legwand 1 1 2 -1 0 6 0 0 0 0 15/34 26:56 6:45 3:03
Joe Callahan 0 0 0 -2 0 1 1 3 0 1 0/0 11:24 0:00 0:00
Johnny Boychuk 0 1 1 0 0 1 1 3 0 1 0/0 21:19 4:00 3:00
Kyle Wellwood 1 1 2 0 0 7 2 0 0 1 5/12 23:24 4:23 0:12
Lasse Kukkonen 0 0 0 0 0 0 2 1 1 0 0/0 29:57 7:11 3:00
Markus Naslund 0 1 1 0 2 1 2 0 0 0 0/0 17:08 4:23 0:29
Martin Samuelsson 0 0 0 0 2 1 0 0 1 0 0/0 13:19 0:00 1:00
Shaone Morrisonn 0 0 0 -2 0 0 0 1 1 0 0/0 13:03 0:00 1:58
Ted Purcell 0 0 0 0 0 1 0 0 0 0 1/2 13:10 0:03 0:00
Troy Brouwer 0 0 0 -1 2 1 0 1 0 0 0/1 5:01 0:00 0:09
Players Stats for Wild
Player Name G A P +/- PIM S H SB GA TA FO MP PP MP PK MP
------------------------------------------------------------------------------------
Alexander Perezhogin 0 1 1 2 0 1 0 0 0 0 0/1 12:58 0:00 6:29
Alexei Kovalev 1 0 1 -1 0 3 0 0 0 0 0/2 15:50 2:01 0:00
Anson Carter 0 0 0 1 0 1 0 0 0 0 1/1 8:36 0:00 0:00
Chris Drury 0 0 0 0 2 2 1 2 1 0 16/27 23:15 2:57 2:05
Cody McLeod 1 0 1 2 0 2 3 0 0 0 0/0 9:45 0:00 2:33
Daniel Briere 0 0 0 0 0 3 0 0 1 0 2/4 21:10 2:57 0:00
Fedor Tyutin 0 0 0 2 2 0 2 1 0 0 0/0 27:09 3:33 0:00
Fredrik Modin 1 0 1 1 0 4 0 0 0 0 0/1 11:57 0:00 2:57
Glen Metropolit 0 1 1 1 2 0 0 0 0 1 11/18 15:10 0:00 5:31
Greg Zanon 0 0 0 -1 0 0 1 2 1 0 0/0 17:00 0:08 7:08
Mark Eaton 0 0 0 1 0 3 3 0 0 0 0/0 20:51 1:17 4:03
Matt Moulson 0 0 0 -1 2 3 2 0 0 0 1/2 14:45 2:01 0:00
Mike Green 1 2 3 2 0 2 2 0 1 2 0/0 27:09 3:33 0:00
Nate Guenin 0 0 0 -1 0 2 1 1 0 0 0/0 17:00 0:08 7:08
R.J. Umberger 0 0 0 0 4 3 2 0 0 0 1/1 20:35 2:57 0:00
Rich Peverley 0 2 2 2 2 0 1 0 0 0 1/2 8:24 0:00 2:26
Toni Lydman 0 0 0 1 0 1 0 0 2 0 0/0 20:51 1:17 4:03
Vaclav Prospal 0 0 0 -1 0 0 0 0 1 2 6/12 16:17 2:01 0:21
3 Stars
1 - Mike Green (Min)
2 - Cody McLeod (Min)
3 - Kyle Wellwood (SJS)
Power Play
Sharks - 3 on 7 Attempt(s) - 42,86%
Wild - 1 on 3 Attempt(s) - 33,33%
Penalty Kill
Sharks - 2 on 3 Attempt(s) - 66,67%
- Score 0 goal in Penalty Kill
Wild - 4 on 7 Attempt(s) - 57,14%
- Score 0 goal in Penalty Kill
Official
Referees : Kozari Steve and Kimmerly Greg
Linesman : Mark Shewchyk and Brad Lazarowich
Game Notes
No Game Note
Finance
Level 1 -- Attendance: 3643 (60,72%) -- Ticket Income 455 375 $
Level 2 -- Attendance: 3199 (63,98%) -- Ticket Income 239 925 $
Level 3 -- Attendance: 1074 (53,70%) -- Ticket Income 53 700 $
Level 4 -- Attendance: 1682 (42,05%) -- Ticket Income 67 280 $
Luxury Box -- Attendance: 644 (64,40%) -- Ticket Income 144 900 $
Game was played at the Forest Center
Total Attendance: 10242 (56,90%)
Total Ticket Income: 961 180 $
Other Income: 144 177 $
Total Income: 1 105 357 $
Sharks
5 vs 5 Forward
Center Left Wing Right Wing Time % Phy DF OF
1 David Legwand Dany Heatley Daniel Alfredsson 40 1 2 2
2 Kyle Wellwood Markus Naslund Brandon Yip 30 1 2 2
3 Adam Mair Martin Samuelsson Ted Purcell 20 1 2 2
4 Kyle Wellwood Troy Brouwer Alexander Radulov 10 1 2 2
5 vs 5 Defense
Defense Defense Time % Phy DF OF
1 Alex Pietrangelo Lasse Kukkonen 40 1 2 2
2 David Hale Johnny Boychuk 30 1 2 2
3 Shaone Morrisonn Joe Callahan 20 1 3 1
4 Adam Pardy Alex Pietrangelo 10 1 2 2
PowerPlay Forward
Center Left Wing Right Wing Time % Phy DF OF
1 David Legwand Dany Heatley Daniel Alfredsson 60 0 2 3
2 Kyle Wellwood Markus Naslund Brandon Yip 40 0 2 3
PowerPlay Defense
Defense Defense Time % Phy DF OF
1 Alex Pietrangelo Lasse Kukkonen 60 1 2 2
2 David Hale Johnny Boychuk 40 1 2 2
Penalty Kill 4 Players Forward
Center Wing Time % Phy DF OF
1 Dany Heatley David Legwand 60 1 4 0
2 Martin Samuelsson Daniel Alfredsson 40 1 4 0
Penalty Kill 4 Players Defense
Defense Defense Time % Phy DF OF
1 Johnny Boychuk Lasse Kukkonen 60 1 4 0
2 David Hale Shaone Morrisonn 40 1 4 0
Penalty Kill - 3 Players Forward
Forward Time % Phy DF OF
1 Dany Heatley 60 1 4 0
2 David Legwand 40 1 4 0
Penalty Kill - 3 Players Defense
Defense Defense Time % Phy DF OF
1 Johnny Boychuk Lasse Kukkonen 60 1 4 0
2 David Hale Shaone Morrisonn 40 1 4 0
4 vs 4 Forward
Center Wing Time % Phy DF OF
1 Dany Heatley David Legwand 60 1 2 2
2 Kyle Wellwood Daniel Alfredsson 40 1 2 2
4 vs 4 Defense
Defense Defense Time % Phy DF OF
1 Alex Pietrangelo Lasse Kukkonen 60 1 2 2
2 David Hale Joe Callahan 40 1 2 2
Last Minutes Offensive
Center Left Wing Right Wing Defense Defense
David Legwand Dany Heatley Daniel Alfredsson Alex Pietrangelo Lasse Kukkonen
Last Minutes Defensive
Center Left Wing Right Wing Defense Defense
David Legwand Dany Heatley Daniel Alfredsson Johnny Boychuk Lasse Kukkonen
Goaltenders
Starting : Mike Brodeur
Backup : Tyler Weiman
Extra Forwards
Normal : Alexander Radulov, Ted Purcell, Martin Samuelsson - PP : Kyle Wellwood, Ted Purcell - PK : Martin Samuelsson
Extra Defensemen
Normal : Shaone Morrisonn, Adam Pardy, Joe Callahan - PP : Joe Callahan - PK : Adam Pardy, David Hale
Penalty Shots
Dany Heatley, Ted Purcell, Daniel Alfredsson, Markus Naslund, Brandon Yip
Wild
5 vs 5 Forward
Center Left Wing Right Wing Time % Phy DF OF
1 Chris Drury R.J. Umberger Daniel Briere 40 0 1 4
2 Vaclav Prospal Matt Moulson Alexei Kovalev 30 1 0 4
3 Glen Metropolit Fredrik Modin Anson Carter 20 1 1 3
4 Rich Peverley Cody McLeod Alexander Perezhogin 10 2 1 2
5 vs 5 Defense
Defense Defense Time % Phy DF OF
1 Mike Green Fedor Tyutin 40 1 1 3
2 Mark Eaton Toni Lydman 30 2 2 1
3 Greg Zanon Nate Guenin 20 2 2 1
4 Mike Green Fedor Tyutin 10 1 1 3
PowerPlay Forward
Center Left Wing Right Wing Time % Phy DF OF
1 Chris Drury R.J. Umberger Daniel Briere 60 0 0 5
2 Vaclav Prospal Matt Moulson Alexei Kovalev 40 0 0 5
PowerPlay Defense
Defense Defense Time % Phy DF OF
1 Mike Green Fedor Tyutin 60 0 2 3
2 Mark Eaton Toni Lydman 40 0 2 3
Penalty Kill 4 Players Forward
Center Wing Time % Phy DF OF
1 Glen Metropolit Alexander Perezhogin 60 1 3 1
2 Fredrik Modin Rich Peverley 40 1 3 1
Penalty Kill 4 Players Defense
Defense Defense Time % Phy DF OF
1 Greg Zanon Nate Guenin 60 2 3 0
2 Mark Eaton Toni Lydman 40 2 3 0
Penalty Kill - 3 Players Forward
Forward Time % Phy DF OF
1 Glen Metropolit 60 1 4 0
2 Fredrik Modin 40 1 4 0
Penalty Kill - 3 Players Defense
Defense Defense Time % Phy DF OF
1 Greg Zanon Nate Guenin 60 2 3 0
2 Mark Eaton Toni Lydman 40 1 4 0
4 vs 4 Forward
Center Wing Time % Phy DF OF
1 Daniel Briere Chris Drury 60 1 1 3
2 R.J. Umberger Vaclav Prospal 40 1 1 3
4 vs 4 Defense
Defense Defense Time % Phy DF OF
1 Mike Green Fedor Tyutin 60 1 3 1
2 Mark Eaton Toni Lydman 40 1 3 1
Last Minutes Offensive
Center Left Wing Right Wing Defense Defense
Chris Drury R.J. Umberger Daniel Briere Mike Green Fedor Tyutin
Last Minutes Defensive
Center Left Wing Right Wing Defense Defense
Glen Metropolit Fredrik Modin Vaclav Prospal Mark Eaton Greg Zanon
Goaltenders
Starting : Martin Brodeur
Backup : Julien Ellis
Extra Forwards
Normal : Chris Drury, Daniel Briere, Alexei Kovalev - PP : Chris Drury, Daniel Briere - PK : Glen Metropolit
Extra Defensemen
Normal : Mike Green, Fedor Tyutin, Nate Guenin - PP : Mike Green - PK : Fedor Tyutin, Nate Guenin
Penalty Shots
Daniel Briere, Chris Drury, R.J. Umberger, Vaclav Prospal, Alexei Kovalev
% Time on Ice - Sharks
Lines # - Real PCT - Wanted PCT - Time Play
Normal Forward
1 - 35% - 40% - 15:09
2 - 28% - 30% - 12:16
3 - 26% - 20% - 11:33
4 - 11% - 10% - 4:53
Normal Defense
1 - 39% - 40% - 17:11
2 - 34% - 30% - 14:42
3 - 22% - 20% - 9:50
4 - 5% - 10% - 2:08
PP Forward
1 - 61% - 60% - 6:48
2 - 39% - 40% - 4:23
PP Defense
1 - 64% - 60% - 7:11
2 - 36% - 40% - 4:00
PK Forward
1 - 79% - 60% - 3:55
2 - 21% - 40% - 1:03
PK Defense
1 - 60% - 60% - 3:00
2 - 40% - 40% - 1:58
PK3 Forward
1 - 0% - 60%
2 - 0% - 40%
PK3 Defense
1 - 0% - 60%
2 - 0% - 40%
44 Forward
1 - 73% - 60% - 3:39
2 - 27% - 40% - 1:21
44 Defense
1 - 69% - 60% - 3:26
2 - 31% - 40% - 1:34
Last Minute Offensive - 0:00
Last Minute Defensive - 0:00
Total
Forward - 65:00
Defense - 65:00
|
% Time on Ice - Wild
Lines # - Real PCT - Wanted PCT - Time Play
Normal Forward
1 - 38% - 40% - 16:31
2 - 29% - 30% - 12:46
3 - 20% - 20% - 8:36
4 - 14% - 10% - 5:58
Normal Defense
1 - 45% - 40% - 19:49
2 - 31% - 30% - 13:44
3 - 19% - 20% - 8:11
4 - 5% - 10% - 2:07
PP Forward
1 - 59% - 60% - 2:57
2 - 41% - 40% - 2:01
PP Defense
1 - 74% - 60% - 3:41
2 - 26% - 40% - 1:17
PK Forward
1 - 77% - 60% - 8:35
2 - 23% - 40% - 2:36
PK Defense
1 - 64% - 60% - 7:08
2 - 36% - 40% - 4:03
PK3 Forward
1 - 0% - 60%
2 - 0% - 40%
PK3 Defense
1 - 0% - 60%
2 - 0% - 40%
44 Forward
1 - 77% - 60% - 3:50
2 - 23% - 40% - 1:10
44 Defense
1 - 64% - 60% - 3:13
2 - 36% - 40% - 1:47
Last Minute Offensive - 0:00
Last Minute Defensive - 0:00
Total
Forward - 65:00
Defense - 65:00
|
Play by Play
1st period
0:01 of 1st period - Chris Drury wins face-off versus David Legwand in neutral zone.
0:10 of 1st period - Wrist shot by Daniel Alfredsson.
0:10 of 1st period - Deflect By Daniel Briere.
0:10 of 1st period - Shot Misses the Net.
0:10 of 1st period - Puck is out of play.
0:11 of 1st period - Kyle Wellwood wins face-off versus Alexei Kovalev in Wild zone.
0:12 of 1st period - Slapshot by Markus Naslund.
0:12 of 1st period - Stopped by Martin Brodeur with a rebound.
0:45 of 1st period - Wrist shot by Vaclav Prospal.
0:45 of 1st period - Shot Blocked by Johnny Boychuk.
0:47 of 1st period - Slapshot by Toni Lydman.
0:47 of 1st period - Stopped by Mike Brodeur without a rebound.
0:48 of 1st period - Adam Mair wins face-off versus Glen Metropolit in Sharks zone.
1:13 of 1st period - Dany Heatley is hit by Chris Drury and loses puck.
1:18 of 1st period - Snap shot by R.J. Umberger.
1:18 of 1st period - Stopped by Mike Brodeur without a rebound.
1:19 of 1st period - Chris Drury wins face-off versus David Legwand in Sharks zone.
1:26 of 1st period - Wrist shot by Chris Drury.
1:26 of 1st period - Shot Misses the Net.
1:50 of 1st period - Wrist shot by Mike Green.
1:50 of 1st period - Stopped by Mike Brodeur with a rebound.
2:36 of 1st period - Slapshot by David Legwand.
2:36 of 1st period - Stopped by Martin Brodeur with a rebound.
3:40 of 1st period - Joe Callahan is hit by Nate Guenin and loses puck.
3:55 of 1st period - Wrist shot by David Legwand.
3:55 of 1st period - Deflect By Daniel Alfredsson.
3:55 of 1st period - Shot Blocked by Greg Zanon.
3:55 of 1st period - Puck is out of play.
3:56 of 1st period - Vaclav Prospal wins face-off versus David Legwand in Wild zone.
3:56 of 1st period - Vaclav Prospal is hit by Lasse Kukkonen.
4:08 of 1st period - Wrist shot by Vaclav Prospal.
4:08 of 1st period - Shot Misses the Net.
4:22 of 1st period - Ted Purcell is hit by Mike Green and loses puck.
4:49 of 1st period - Mike Green is hit by Johnny Boychuk and loses puck.
7:00 of 1st period - Wrist shot by Troy Brouwer.
7:00 of 1st period - Stopped by Martin Brodeur without a rebound.
7:01 of 1st period - Chris Drury wins face-off versus Troy Brouwer in Wild zone.
7:08 of 1st period - Joe Callahan is hit by R.J. Umberger and loses puck.
7:13 of 1st period - Snap shot by R.J. Umberger.
7:13 of 1st period - Stopped by Mike Brodeur without a rebound.
7:14 of 1st period - Chris Drury wins face-off versus Dany Heatley in Sharks zone.
7:23 of 1st period - Snap shot by Daniel Briere.
7:23 of 1st period - Stopped by Mike Brodeur with a rebound.
7:28 of 1st period - Off-side.
7:29 of 1st period - Kyle Wellwood wins face-off versus Chris Drury in neutral zone.
8:43 of 1st period - Slapshot by Rich Peverley.
8:43 of 1st period - Shot Misses the Net.
8:45 of 1st period - Slapshot by Toni Lydman.
8:45 of 1st period - Deflect By Cody McLeod.
8:45 of 1st period - Stopped by Mike Brodeur without a rebound.
8:46 of 1st period - Chris Drury wins face-off versus Dany Heatley in Sharks zone.
8:57 of 1st period - Slapshot by Chris Drury.
8:57 of 1st period - Shot Misses the Net.
9:15 of 1st period - Snap shot by Kyle Wellwood.
9:15 of 1st period - Goal by Kyle Wellwood - Sharks : 1 - Wild : 0.
9:16 of 1st period - Chris Drury wins face-off versus Kyle Wellwood in neutral zone.
9:28 of 1st period - Snap shot by Markus Naslund.
9:28 of 1st period - Shot Blocked by Fedor Tyutin.
9:30 of 1st period - Slapshot by Alex Pietrangelo.
9:30 of 1st period - Deflect By Mike Green.
9:30 of 1st period - Stopped by Martin Brodeur without a rebound.
9:31 of 1st period - David Legwand wins face-off versus Alexei Kovalev in Wild zone.
10:01 of 1st period - Snap shot by Markus Naslund.
10:01 of 1st period - Shot Misses the Net.
10:17 of 1st period - Wrist shot by Martin Samuelsson.
10:17 of 1st period - Stopped by Martin Brodeur without a rebound.
10:18 of 1st period - Anson Carter wins face-off versus Adam Mair in Wild zone.
10:53 of 1st period - Slapshot by Daniel Briere.
10:53 of 1st period - Shot Misses the Net.
11:16 of 1st period - Fedor Tyutin is hit by Kyle Wellwood and loses puck.
11:23 of 1st period - Minor Penalty to Matt Moulson for Roughing.
11:24 of 1st period - Glen Metropolit wins face-off versus David Legwand in Wild zone.
13:13 of 1st period - Dany Heatley is hit by Rich Peverley and loses puck.
13:23 of 1st period - Penalty to Matt Moulson is over, Matt Moulson is back on ice.
13:28 of 1st period - Snap shot by Matt Moulson.
13:28 of 1st period - Shot Misses the Net.
13:34 of 1st period - Matt Moulson is hit by Adam Mair.
13:38 of 1st period - Snap shot by Ted Purcell.
13:38 of 1st period - Shot Misses the Net.
13:55 of 1st period - Snap shot by R.J. Umberger.
13:55 of 1st period - Shot Misses the Net.
13:57 of 1st period - Snap shot by R.J. Umberger.
13:57 of 1st period - Shot Misses the Net.
13:59 of 1st period - Snap shot by R.J. Umberger.
13:59 of 1st period - Deflect By Daniel Briere.
13:59 of 1st period - Stopped by Mike Brodeur without a rebound.
14:00 of 1st period - Adam Mair wins face-off versus Vaclav Prospal in Sharks zone.
14:57 of 1st period - Minor Penalty to Rich Peverley for Holding.
14:58 of 1st period - David Legwand wins face-off versus Glen Metropolit in Wild zone.
15:50 of 1st period - Snap shot by Dany Heatley.
15:50 of 1st period - Shot Misses the Net.
16:27 of 1st period - Snap shot by Alex Pietrangelo.
16:27 of 1st period - Stopped by Martin Brodeur without a rebound.
16:28 of 1st period - Kyle Wellwood wins face-off versus Fredrik Modin in Wild zone.
16:42 of 1st period - Off-side.
16:43 of 1st period - Glen Metropolit wins face-off versus Kyle Wellwood in neutral zone.
16:54 of 1st period - Wrist shot by Brandon Yip.
16:54 of 1st period - Goal by Brandon Yip - Sharks : 2 - Wild : 0.
16:55 of 1st period - David Legwand wins face-off versus Chris Drury in neutral zone.
18:20 of 1st period - Snap shot by Daniel Alfredsson.
18:20 of 1st period - Shot Blocked by Chris Drury.
19:12 of 1st period - Wrist shot by Cody McLeod.
19:12 of 1st period - Shot Misses the Net.
19:36 of 1st period - Wrist shot by Fredrik Modin.
19:36 of 1st period - Stopped by Mike Brodeur with a rebound.
19:38 of 1st period - Wrist shot by Fredrik Modin.
19:38 of 1st period - Stopped by Mike Brodeur with a rebound.
19:40 of 1st period - Snap shot by Fredrik Modin.
19:40 of 1st period - Deflect By Glen Metropolit.
19:40 of 1st period - Shot Misses the Net.
19:40 of 1st period - Puck is out of play.
19:41 of 1st period - Adam Mair wins face-off versus Chris Drury in Sharks zone.
19:54 of 1st period - Snap shot by Daniel Briere.
19:54 of 1st period - Stopped by Mike Brodeur with a rebound.
19:56 of 1st period - Wrist shot by Daniel Briere.
19:56 of 1st period - Shot Blocked by David Hale.
Goals for this period are 2 for Sharks vs 0 for Wild.
Shots for this period are 8 for Sharks vs 10 for Wild.
2nd period
0:01 of 2nd period - David Legwand wins face-off versus Chris Drury in neutral zone.
0:41 of 2nd period - Minor Penalty to Markus Naslund for Holding Stick.
0:42 of 2nd period - Chris Drury wins face-off versus Dany Heatley in Sharks zone.
1:28 of 2nd period - Off-side.
1:29 of 2nd period - Dany Heatley wins face-off versus Vaclav Prospal in neutral zone.
2:41 of 2nd period - Penalty to Markus Naslund is over, Markus Naslund is back on ice.
3:07 of 2nd period - Slapshot by Mark Eaton.
3:07 of 2nd period - Stopped by Mike Brodeur with a rebound.
3:09 of 2nd period - Slapshot by Toni Lydman.
3:09 of 2nd period - Shot Blocked by Troy Brouwer.
3:11 of 2nd period - Slapshot by Mark Eaton.
3:11 of 2nd period - Stopped by Mike Brodeur without a rebound.
3:12 of 2nd period - Adam Mair wins face-off versus Rich Peverley in Sharks zone.
3:21 of 2nd period - Snap shot by Adam Mair.
3:21 of 2nd period - Shot Misses the Net.
3:23 of 2nd period - Snap shot by David Hale.
3:23 of 2nd period - Deflect By Ted Purcell.
3:23 of 2nd period - Stopped by Martin Brodeur without a rebound.
3:24 of 2nd period - David Legwand wins face-off versus Vaclav Prospal in Wild zone.
3:31 of 2nd period - Slapshot by Dany Heatley.
3:31 of 2nd period - Stopped by Martin Brodeur without a rebound.
3:32 of 2nd period - David Legwand wins face-off versus Vaclav Prospal in Wild zone.
3:57 of 2nd period - Chris Drury is hit by Markus Naslund and loses puck.
4:04 of 2nd period - Wrist shot by Markus Naslund.
4:04 of 2nd period - Shot Blocked by Chris Drury.
4:08 of 2nd period - Slapshot by Alex Pietrangelo.
4:08 of 2nd period - Deflect By Brandon Yip.
4:08 of 2nd period - Shot Misses the Net.
4:08 of 2nd period - Puck is out of play.
4:09 of 2nd period - Vaclav Prospal wins face-off versus David Legwand in Wild zone.
4:28 of 2nd period - Alexei Kovalev is hit by Daniel Alfredsson.
4:38 of 2nd period - Slapshot by Markus Naslund.
4:38 of 2nd period - Shot Misses the Net.
4:40 of 2nd period - Slapshot by David Hale.
4:40 of 2nd period - Stopped by Martin Brodeur with a rebound.
4:42 of 2nd period - Wrist shot by Kyle Wellwood.
4:42 of 2nd period - Stopped by Martin Brodeur without a rebound.
4:43 of 2nd period - R.J. Umberger wins face-off versus Kyle Wellwood in Wild zone.
5:33 of 2nd period - Slapshot by Mike Green.
5:33 of 2nd period - Shot Blocked by Shaone Morrisonn.
6:11 of 2nd period - Off-side.
6:12 of 2nd period - Daniel Briere wins face-off versus Kyle Wellwood in neutral zone.
6:21 of 2nd period - Markus Naslund is hit by Mark Eaton and loses puck.
7:17 of 2nd period - David Hale is hit by Mark Eaton and loses puck.
7:22 of 2nd period - Wrist shot by Fredrik Modin.
7:22 of 2nd period - Shot Misses the Net.
7:44 of 2nd period - Joe Callahan is hit by Greg Zanon and loses puck.
7:59 of 2nd period - Joe Callahan is hit by Matt Moulson and loses puck.
8:44 of 2nd period - Minor Penalty to Chris Drury for Hooking.
8:45 of 2nd period - David Legwand wins face-off versus Glen Metropolit in Wild zone.
8:52 of 2nd period - Slapshot by Alex Pietrangelo.
8:52 of 2nd period - Deflect By David Legwand.
8:52 of 2nd period - Shot Misses the Net.
8:52 of 2nd period - Puck is out of play.
8:53 of 2nd period - David Legwand wins face-off versus Glen Metropolit in Wild zone.
9:12 of 2nd period - Slapshot by Alex Pietrangelo.
9:12 of 2nd period - Goal by Alex Pietrangelo - Sharks : 3 - Wild : 0.
9:13 of 2nd period - Chris Drury wins face-off versus Dany Heatley in neutral zone.
9:40 of 2nd period - Matt Moulson is hit by Markus Naslund and loses puck.
9:45 of 2nd period - Slapshot by Kyle Wellwood.
9:45 of 2nd period - Shot Misses the Net.
9:51 of 2nd period - Slapshot by Kyle Wellwood.
9:51 of 2nd period - Stopped by Martin Brodeur without a rebound.
9:52 of 2nd period - Chris Drury wins face-off versus Adam Mair in Wild zone.
10:24 of 2nd period - Snap shot by Alexei Kovalev.
10:24 of 2nd period - Stopped by Mike Brodeur without a rebound.
10:25 of 2nd period - Matt Moulson wins face-off versus David Legwand in Sharks zone.
10:28 of 2nd period - Snap shot by Matt Moulson.
10:28 of 2nd period - Stopped by Mike Brodeur with a rebound.
11:33 of 2nd period - Snap shot by Glen Metropolit.
11:33 of 2nd period - Deflect By Rich Peverley.
11:33 of 2nd period - Shot Blocked by Joe Callahan.
11:33 of 2nd period - Puck is out of play.
11:34 of 2nd period - David Legwand wins face-off versus Alexander Perezhogin in Sharks zone.
11:36 of 2nd period - Icing by Daniel Alfredsson.
11:37 of 2nd period - Rich Peverley wins face-off versus David Legwand in Sharks zone.
11:40 of 2nd period - Wrist shot by Cody McLeod.
11:40 of 2nd period - Goal by Cody McLeod - Sharks : 3 - Wild : 1.
11:41 of 2nd period - Chris Drury wins face-off versus David Legwand in neutral zone.
13:21 of 2nd period - Icing by Fedor Tyutin.
13:22 of 2nd period - David Legwand wins face-off versus Chris Drury in Wild zone.
13:33 of 2nd period - Wrist shot by David Legwand.
13:33 of 2nd period - Stopped by Martin Brodeur with a rebound.
13:35 of 2nd period - Snap shot by Daniel Alfredsson.
13:35 of 2nd period - Stopped by Martin Brodeur without a rebound.
13:36 of 2nd period - David Legwand wins face-off versus Vaclav Prospal in Wild zone.
13:43 of 2nd period - Wrist shot by Mark Eaton.
13:43 of 2nd period - Shot Blocked by Lasse Kukkonen.
14:50 of 2nd period - Wrist shot by Matt Moulson.
14:50 of 2nd period - Stopped by Mike Brodeur without a rebound.
14:51 of 2nd period - Vaclav Prospal wins face-off versus David Legwand in Sharks zone.
15:04 of 2nd period - Snap shot by David Legwand.
15:04 of 2nd period - Stopped by Martin Brodeur without a rebound.
15:05 of 2nd period - David Legwand wins face-off versus Chris Drury in Wild zone.
15:05 of 2nd period - Alex Pietrangelo is hit by Mike Green and loses puck.
15:28 of 2nd period - Minor Penalty to Fedor Tyutin for Holding.
15:29 of 2nd period - Glen Metropolit wins face-off versus David Legwand in Wild zone.
15:42 of 2nd period - Alexander Perezhogin is hit by Dany Heatley.
16:47 of 2nd period - Dany Heatley is hit by Cody McLeod and loses puck.
17:28 of 2nd period - Penalty to Fedor Tyutin is over, Fedor Tyutin is back on ice.
18:06 of 2nd period - Snap shot by Chris Drury.
18:06 of 2nd period - Shot Blocked by Joe Callahan.
18:18 of 2nd period - Backhand shot by Mike Green.
18:18 of 2nd period - Goal by Mike Green - Sharks : 3 - Wild : 2.
18:19 of 2nd period - Chris Drury wins face-off versus David Legwand in neutral zone.
19:09 of 2nd period - Wrist shot by Kyle Wellwood.
19:09 of 2nd period - Stopped by Martin Brodeur without a rebound.
19:10 of 2nd period - Kyle Wellwood wins face-off versus Chris Drury in Wild zone.
19:13 of 2nd period - Slapshot by Kyle Wellwood.
19:13 of 2nd period - Deflect By Brandon Yip.
19:13 of 2nd period - Stopped by Martin Brodeur with a rebound.
19:23 of 2nd period - Snap shot by Kyle Wellwood.
19:23 of 2nd period - Stopped by Martin Brodeur with a rebound.
19:40 of 2nd period - Slapshot by Kyle Wellwood.
19:40 of 2nd period - Stopped by Martin Brodeur with a rebound.
19:42 of 2nd period - Slapshot by Brandon Yip.
19:42 of 2nd period - Stopped by Martin Brodeur with a rebound.
19:44 of 2nd period - Slapshot by Johnny Boychuk.
19:44 of 2nd period - Stopped by Martin Brodeur with a rebound.
19:46 of 2nd period - Slapshot by Kyle Wellwood.
19:46 of 2nd period - Stopped by Martin Brodeur with a rebound.
19:54 of 2nd period - Wrist shot by Brandon Yip.
19:54 of 2nd period - Shot Misses the Net.
19:56 of 2nd period - Wrist shot by Brandon Yip.
19:56 of 2nd period - Stopped by Martin Brodeur without a rebound.
19:57 of 2nd period - David Legwand wins face-off versus Vaclav Prospal in Wild zone.
19:58 of 2nd period - Slapshot by Daniel Alfredsson.
19:58 of 2nd period - Shot Misses the Net.
Goals for this period are 1 for Sharks vs 2 for Wild.
Shots for this period are 17 for Sharks vs 7 for Wild.
3rd period
0:01 of 3rd period - Chris Drury wins face-off versus David Legwand in neutral zone.
0:28 of 3rd period - Wrist shot by Brandon Yip.
0:28 of 3rd period - Shot Misses the Net.
1:06 of 3rd period - Minor Penalty to Glen Metropolit for Hooking.
1:07 of 3rd period - Daniel Alfredsson wins face-off versus Chris Drury in Wild zone.
1:46 of 3rd period - Snap shot by Kyle Wellwood.
1:46 of 3rd period - Shot Blocked by Greg Zanon.
1:48 of 3rd period - Snap shot by Brandon Yip.
1:48 of 3rd period - Shot Misses the Net.
3:06 of 3rd period - Penalty to Glen Metropolit is over, Glen Metropolit is back on ice.
3:24 of 3rd period - Icing by David Hale.
3:25 of 3rd period - Glen Metropolit wins face-off versus Adam Mair in Sharks zone.
3:32 of 3rd period - Snap shot by Fredrik Modin.
3:32 of 3rd period - Stopped by Mike Brodeur without a rebound.
3:33 of 3rd period - Adam Mair wins face-off versus Chris Drury in Sharks zone.
3:47 of 3rd period - Snap shot by Chris Drury.
3:47 of 3rd period - Shot Blocked by Joe Callahan.
3:49 of 3rd period - Slapshot by R.J. Umberger.
3:49 of 3rd period - Stopped by Mike Brodeur without a rebound.
3:50 of 3rd period - David Legwand wins face-off versus Matt Moulson in Sharks zone.
3:55 of 3rd period - Toni Lydman is hit by Daniel Alfredsson and loses puck.
4:29 of 3rd period - Mark Eaton is hit by Brandon Yip and loses puck.
4:39 of 3rd period - Icing by Chris Drury.
4:40 of 3rd period - Adam Mair wins face-off versus Glen Metropolit in Wild zone.
4:53 of 3rd period - Snap shot by Anson Carter.
4:53 of 3rd period - Stopped by Mike Brodeur with a rebound.
4:55 of 3rd period - Snap shot by Glen Metropolit.
4:55 of 3rd period - Deflect By Alex Pietrangelo.
4:55 of 3rd period - Shot Misses the Net.
4:55 of 3rd period - Puck is out of play.
4:56 of 3rd period - Chris Drury wins face-off versus David Legwand in Sharks zone.
4:59 of 3rd period - Slapshot by Daniel Briere.
4:59 of 3rd period - Shot Misses the Net.
5:11 of 3rd period - Snap shot by David Legwand.
5:11 of 3rd period - Stopped by Martin Brodeur with a rebound.
5:30 of 3rd period - Slapshot by David Hale.
5:30 of 3rd period - Shot Misses the Net.
5:33 of 3rd period - Icing by Fedor Tyutin.
5:34 of 3rd period - Vaclav Prospal wins face-off versus David Legwand in Wild zone.
5:45 of 3rd period - David Hale is hit by Matt Moulson and loses puck.
6:18 of 3rd period - Minor Penalty to R.J. Umberger for Hooking.
6:19 of 3rd period - Glen Metropolit wins face-off versus David Legwand in Wild zone.
8:00 of 3rd period - Kyle Wellwood is hit by Cody McLeod and loses puck.
8:18 of 3rd period - Penalty to R.J. Umberger is over, R.J. Umberger is back on ice.
8:23 of 3rd period - Glen Metropolit is hit by Adam Mair and loses puck.
8:30 of 3rd period - Snap shot by Fedor Tyutin.
8:30 of 3rd period - Shot Hit the Post.
8:32 of 3rd period - Snap shot by Alexander Perezhogin.
8:32 of 3rd period - Shot Misses the Net.
8:34 of 3rd period - Wrist shot by Alexander Perezhogin.
8:34 of 3rd period - Shot Blocked by Johnny Boychuk.
8:48 of 3rd period - Slapshot by Alexander Perezhogin.
8:48 of 3rd period - Stopped by Mike Brodeur without a rebound.
8:49 of 3rd period - Vaclav Prospal wins face-off versus Kyle Wellwood in Sharks zone.
8:54 of 3rd period - Snap shot by Matt Moulson.
8:54 of 3rd period - Stopped by Mike Brodeur with a rebound.
9:08 of 3rd period - Slapshot by Mark Eaton.
9:08 of 3rd period - Stopped by Mike Brodeur with a rebound.
9:14 of 3rd period - Chris Drury is hit by Dany Heatley and loses puck.
9:29 of 3rd period - Slapshot by Joe Callahan.
9:29 of 3rd period - Stopped by Martin Brodeur without a rebound.
9:30 of 3rd period - Vaclav Prospal wins face-off versus Kyle Wellwood in Wild zone.
9:55 of 3rd period - Minor Penalty to R.J. Umberger for Cross-checking.
9:56 of 3rd period - David Legwand wins face-off versus Glen Metropolit in Wild zone.
10:03 of 3rd period - Slapshot by Alex Pietrangelo.
10:03 of 3rd period - Shot Blocked by Nate Guenin.
10:05 of 3rd period - Wrist shot by Dany Heatley.
10:05 of 3rd period - Stopped by Martin Brodeur without a rebound.
10:06 of 3rd period - Glen Metropolit wins face-off versus David Legwand in Wild zone.
10:16 of 3rd period - Off-side.
10:17 of 3rd period - Glen Metropolit wins face-off versus David Legwand in neutral zone.
10:28 of 3rd period - Slapshot by Alex Pietrangelo.
10:28 of 3rd period - Deflect By David Legwand.
10:28 of 3rd period - Stopped by Martin Brodeur without a rebound.
10:29 of 3rd period - Glen Metropolit wins face-off versus David Legwand in Wild zone.
10:43 of 3rd period - Snap shot by Dany Heatley.
10:43 of 3rd period - Shot Misses the Net.
10:45 of 3rd period - Snap shot by David Legwand.
10:45 of 3rd period - Goal by David Legwand - Sharks : 4 - Wild : 2.
10:46 of 3rd period - Chris Drury wins face-off versus David Legwand in neutral zone.
10:55 of 3rd period - Backhand shot by Chris Drury.
10:55 of 3rd period - Shot Blocked by Alex Pietrangelo.
11:39 of 3rd period - Snap shot by Ted Purcell.
11:39 of 3rd period - Shot Misses the Net.
12:27 of 3rd period - Toni Lydman is hit by Brandon Yip and loses puck.
12:44 of 3rd period - Alexei Kovalev is hit by Joe Callahan and loses puck.
13:05 of 3rd period - Snap shot by Glen Metropolit.
13:05 of 3rd period - Shot Misses the Net.
13:42 of 3rd period - Minor Penalty to Martin Samuelsson for Roughing.
13:43 of 3rd period - Dany Heatley wins face-off versus Chris Drury in Sharks zone.
13:55 of 3rd period - Dany Heatley is hit by Fedor Tyutin and loses puck.
15:42 of 3rd period - Penalty to Martin Samuelsson is over, Martin Samuelsson is back on ice.
16:03 of 3rd period - Snap shot by Alexander Perezhogin.
16:03 of 3rd period - Shot Misses the Net.
16:05 of 3rd period - Slapshot by Nate Guenin.
16:05 of 3rd period - Stopped by Mike Brodeur without a rebound.
16:06 of 3rd period - Kyle Wellwood wins face-off versus Glen Metropolit in Sharks zone.
17:21 of 3rd period - Snap shot by Fredrik Modin.
17:21 of 3rd period - Goal by Fredrik Modin - Sharks : 4 - Wild : 3.
17:22 of 3rd period - Glen Metropolit wins face-off versus Adam Mair in neutral zone.
17:49 of 3rd period - Lasse Kukkonen is hit by Cody McLeod.
18:05 of 3rd period - Minor Penalty to Troy Brouwer for Goalie Interference.
18:06 of 3rd period - Chris Drury wins face-off versus Dany Heatley in Sharks zone.
18:11 of 3rd period - Wrist shot by Chris Drury.
18:11 of 3rd period - Stopped by Mike Brodeur without a rebound.
18:12 of 3rd period - Chris Drury wins face-off versus Dany Heatley in Sharks zone.
18:25 of 3rd period - Snap shot by Daniel Briere.
18:25 of 3rd period - Shot Blocked by Johnny Boychuk.
18:27 of 3rd period - Wrist shot by Chris Drury.
18:27 of 3rd period - Shot Misses the Net.
18:29 of 3rd period - Wrist shot by Chris Drury.
18:29 of 3rd period - Stopped by Mike Brodeur with a rebound.
18:55 of 3rd period - Icing by Mike Green.
18:56 of 3rd period - Dany Heatley wins face-off versus Chris Drury in Wild zone.
19:05 of 3rd period - Wild, Martin Brodeur is pulled from the net.
19:05 of 3rd period - Snap shot by Alexei Kovalev.
19:05 of 3rd period - Goal by Alexei Kovalev - Sharks : 4 - Wild : 4.
19:05 of 3rd period - Martin Brodeur from Wild was sent back in the game.
19:06 of 3rd period - Glen Metropolit wins face-off versus Kyle Wellwood in neutral zone.
19:53 of 3rd period - Alexei Kovalev is hit by Kyle Wellwood.
Goals for this period are 1 for Sharks vs 2 for Wild.
Shots for this period are 5 for Sharks vs 11 for Wild.
Overtime #1
0:01 of 1st overtime period - Daniel Briere wins face-off versus Dany Heatley in neutral zone.
1:14 of 1st overtime period - Snap shot by Vaclav Prospal.
1:14 of 1st overtime period - Shot Misses the Net.
1:47 of 1st overtime period - Daniel Briere is hit by Lasse Kukkonen.
2:02 of 1st overtime period - Lasse Kukkonen is hit by Mark Eaton.
2:14 of 1st overtime period - Kyle Wellwood is hit by Fedor Tyutin and loses puck.
2:19 of 1st overtime period - Snap shot by Alexei Kovalev.
2:19 of 1st overtime period - Stopped by Mike Brodeur with a rebound.
2:51 of 1st overtime period - Slapshot by Nate Guenin.
2:51 of 1st overtime period - Deflect By Martin Samuelsson.
2:51 of 1st overtime period - Stopped by Mike Brodeur without a rebound.
2:52 of 1st overtime period - Glen Metropolit wins face-off versus Ted Purcell in Sharks zone.
3:19 of 1st overtime period - Mark Eaton is hit by Dany Heatley and loses puck.
4:14 of 1st overtime period - Snap shot by Alexander Radulov.
4:14 of 1st overtime period - Deflect By Ted Purcell.
4:14 of 1st overtime period - Shot Misses the Net.
4:14 of 1st overtime period - Puck is out of play.
4:15 of 1st overtime period - Ted Purcell wins face-off versus Daniel Briere in Wild zone.
4:16 of 1st overtime period - Wrist shot by Alex Pietrangelo.
4:16 of 1st overtime period - Stopped by Martin Brodeur without a rebound.
4:17 of 1st overtime period - Dany Heatley wins face-off versus Daniel Briere in Wild zone.
4:18 of 1st overtime period - Wrist shot by David Legwand.
4:18 of 1st overtime period - Shot Misses the Net.
4:54 of 1st overtime period - Daniel Alfredsson is hit by R.J. Umberger and loses puck.
Goals for this period are 0 for Sharks vs 0 for Wild.
Shots for this period are 1 for Sharks vs 2 for Wild.
ShootOut
5:00 of 1st overtime period - Penalty Shot by Dany Heatley for Sharks.
5:00 of 1st overtime period - Deke by Dany Heatley.
5:00 of 1st overtime period - Shot Misses the Net.
5:00 of 1st overtime period - Penalty Shot by Daniel Briere for Wild.
5:00 of 1st overtime period - Wrist shot by Daniel Briere.
5:00 of 1st overtime period - Stopped by Mike Brodeur.
5:00 of 1st overtime period - Penalty Shot by Ted Purcell for Sharks.
5:00 of 1st overtime period - Deke by Ted Purcell.
5:00 of 1st overtime period - Goal by Ted Purcell.
5:00 of 1st overtime period - Penalty Shot by Chris Drury for Wild.
5:00 of 1st overtime period - Deke by Chris Drury.
5:00 of 1st overtime period - Goal by Chris Drury.
5:00 of 1st overtime period - Penalty Shot by Daniel Alfredsson for Sharks.
5:00 of 1st overtime period - Wrist shot by Daniel Alfredsson.
5:00 of 1st overtime period - Stopped by Martin Brodeur.
5:00 of 1st overtime period - Penalty Shot by R.J. Umberger for Wild.
5:00 of 1st overtime period - Deke by R.J. Umberger.
5:00 of 1st overtime period - Goal by R.J. Umberger.
Output by the SimonT Hockey Simulator (STHS) for François Prévost -- Original Page W3C XHTML 1.0 Valid